 Dungeon Crawl Stone Soup version 0.30.0-29-ga12c61a403 (webtiles) character file.

Game seed: 10839511287066137297

57050 Elmgren the Severer (level 14, -1/149 HPs)
             Began as a Minotaur Berserker on June 22, 2023.
             Was a Priest of Trog.
             Slain by a skeletal warrior
             ... wielding a +0 short sword
              (11 damage)
             ... on level 12 of the Dungeon.
             The game lasted 00:28:14 (22211 turns).

Elmgren the Severer (Minotaur Berserker)           Turns: 22211, Time: 00:28:14

Health: -1/149     AC: 19    Str: 28    XL:     14   Next: 44%
Magic:  13/13      EV:  8    Int:  4    God:    Trog [***...]
Gold:   1229       SH:  0    Dex:  9    Spells: 13/13 levels left

rFire   + . .        M - +5 battleaxe (chaos)
rCold   . . .        (shield currently unavailable)
rNeg    . . .        u - +1 plate armour
rPois   +            (helmet restricted)
rElec   .            v - +0 cloak
rCorr   .            (no gloves)
SInv    .            s - +1 pair of boots
Will    +++..        (no amulet) Stlth
                     y - ring of poison resistance
HPRegen 1.44/turn    F - ring of protection from fire {rF+}
MPRegen 0.13/turn

%: no passive effects
@: strong-willed, on berserk cooldown, regenerating, slowed, very slow
A: horns 2, retaliatory headbutt
a: Renounce Religion, Berserk, Trog's Hand


You were on level 12 of the Dungeon.
You worshipped Trog.
Trog was most pleased with you.
You visited 2 branches of the dungeon, and saw 17 of its levels.

You collected 1229 gold pieces.

Inventory:

Hand Weapons
 i - a +3 hand axe of protection
 J - a +0 war axe of electrocution
 M - a +5 battleaxe of chaos (weapon)
Missiles
 p - 2 throwing nets {=f, !d}
Armour
 s - a +1 pair of boots (worn)
 u - a +1 plate armour (worn)
 v - a +0 cloak (worn)
 A - a +0 tower shield
Jewellery
 y - a ring of poison resistance (left hand)
 F - a ring of protection from fire (right hand) {rF+}
 P - an amulet of magic regeneration
 Q - a ring of fire
Wands
 a - a wand of charming (8)
 q - a wand of quicksilver (16)
 t - a wand of flame (6)
 w - a wand of iceblast (15)
 S - a wand of mindburst (5)
Scrolls
 c - 3 scrolls of amnesia
 f - 3 scrolls of vulnerability {!r!r}
 h - 2 scrolls of fear
 j - 5 scrolls of torment {!r!r}
 r - 7 scrolls of teleportation {!r!d, @r3}
 x - 2 scrolls of blinking
 z - 2 scrolls of fog
 D - a scroll of enchant weapon
 E - 2 scrolls of poison
 G - a scroll of acquirement {unknown}
 K - a scroll of silence {unknown}
 L - 5 scrolls of identify
 R - a scroll of butterflies
Potions
 b - 5 potions of attraction
 d - 4 potions of mutation
 e - 3 potions of degeneration
 g - 6 potions of curing {@q1, !d}
 k - a potion of might {unknown}
 l - 11 potions of ambrosia
 m - 3 potions of flight
 n - 7 potions of brilliance
 o - a potion of cancellation
 C - 5 potions of lignification {unknown}
 I - 2 potions of haste {unknown}
 O - a potion of heal wounds {unknown}
Miscellaneous
 B - a phial of floods
 H - a phantom mirror
 N - a lightning rod (4/4)


   Skills:
 + Level 20.4 Fighting
 + Level 20.4 Axes
 * Level 9.8 Armour
 - Level 2.1 Dodging


You had 13 spell levels left.
You didn't know any spells.
Your spell library was empty.

Dungeon Overview and Level Annotations

Branches:
Dungeon (12/15) Zot: 26233  Temple (0/1) D:5            Lair (5/5) D:8 Zot: 20197
  Swamp (0/4) Lair:2       Spider (0/4) Lair:2        Slime (0/5) Lair:5
    Orc (0/2) D:9

Altars:
Ashenzari
Dithmenos
Hepliaklqana
Kikubaaqudgha
Ru
Sif Muna
Uskayaw
Vehumet
Wu Jian
Xom
The Shining One

Shops:
D:2 [   D:3 :   D:10 [*

Portals:
Trove: D:12 (show slimy rune of Zot)

Annotations:
D:10 3 runed translucent doors, ANNNA's ghost, novice DrIE; MrAu's ghost, journeyman HuFi; SharpKris's ghost, novice FoFi; ripuliukko's ghost, novice DEEE
D:11 2 transporters, Graphine's ghost, journeyman MfGl
Lair:1 exclusion: 3 oklob plants


Innate Abilities, Weirdness & Mutations

You have a pair of horns on your head.
You reflexively headbutt those who attack you in melee.


Message History

The skeletal warrior hits you with a +0 dire flail!!
* * * LOW HITPOINT WARNING * * *
You take 25 damage, and have 41/223 hp.
You slice the skeletal warrior!! You burn the skeletal warrior!
You destroy the skeletal warrior!
Trog accepts your kill.
You feel a strong urge to attack something.
You feel your anger nearly subside.
You are no longer berserk.
You are exhausted.
You feel yourself slow down.
You now have 28/149 hp.
The skeletal warrior attacks as you move away!
The skeletal warrior hits you with a +0 short sword.
* * * LOW HITPOINT WARNING * * *
The skeletal warrior hits you with a +0 short sword.
* * * LOW HITPOINT WARNING * * *
You take 4 damage, and have 31/149 hp.
The skeletal warrior attacks as you move away!
The skeletal warrior hits you but does no damage.
Your skin crawls.
You feel strong-willed.
You can no longer call in reinforcements.
The skeletal warrior hits you but does no damage.
The skeletal warrior hits you with a +0 short sword!
* * * LOW HITPOINT WARNING * * *
You take 12 damage, and have 19/149 hp.
You hit the skeletal warrior. You burn the skeletal warrior.
The skeletal warrior hits you but does no damage.
You regained 2 hp, and now have 21/149 hp.
You hit the skeletal warrior. You burn the skeletal warrior.
The skeletal warrior closely misses you.
You slice the skeletal warrior!! You freeze the skeletal warrior.
The skeletal warrior hits you with a +0 short sword!
* * * LOW HITPOINT WARNING * * *
You take 13 damage, and have 9/149 hp.
You hit the skeletal warrior but do no damage.
The skeletal warrior suddenly seems more resistant.
The skeletal warrior hits you with a +0 short sword!
You die...

#################################
...........................^.....
..........##.................))..
..........##.........#...z##.)...
.....#....##.........#....##.....
.....#....##....@z...#...........
###.......##.........#..######+##
..#..................#..+
..####+#######..........#
...'.........#.....######
..##.........#######
..##..............
..................
#######...........


You could see a skeletal warrior (resistant).

Vanquished Creatures
  The ghost of vfn1303 the Severer, a journeyman DrBe of Trog (Lair:4)
  A fire dragon (Lair:5)
  3 hydras
  2 catoblepae
  3 two-headed ogres
  A boulder beetle (D:11)
  A death knight (D:11)
  A dancing weapon (Lair:4)
  2 skysharks
  Lodul (D:9)
  4 skeletal warriors (D:12)
  2 deep elf pyromancers
  2 lindwurms
  4 bog bodies (Lair:2)
  Pikel (D:8)
  2 ugly things (D:12)
  A cyclops (D:12)
  2 manticores
  12 elephants
  3 molten gargoyles (Lair:5)
  3 black mambas
  3 unseen horrors (D:12)
  9 cane toads
  A gargoyle (D:11)
  3 rime drakes
  4 kobold demonologists (D:12)
  An efreet (D:12)
  11 komodo dragons
  2 polar bears
  A queen bee (Lair:3)
  A troll (D:9)
  A hornet (D:7)
  26 blink frogs
  6 dream sheep (Lair:3)
  A slime creature (D:12)
  A centaur simulacrum (D:10)
  5 wyverns
  43 yaks
  2 vampires
  2 basilisks
  4 steam dragons
  3 redbacks (Lair:2)
  4 wargs (D:9)
  2 acid dragons
  9 water moccasins
  4 hell hounds (Lair:5)
  A swamp worm (Lair:2)
  5 black bears
  2 orc warriors (D:9)
  2 ice beasts
  6 ogres
  15 wolves
  8 centaurs
  4 kobold brigands
  12 bullfrogs
  A scorpion (D:7)
  2 gnoll sergeants
  38 killer bees
  A howler monkey (D:8)
  4 electric eels
  4 lava snakes (Lair:5)
  2 hounds
  A jelly (D:4)
  11 orc priests
  A sleepcap (D:5)
  2 iguanas
  6 orc wizards
  17 gnolls
  10 adders
  2 shadow imps
  2 white imps
  An ufetubus (D:5)
  2 dart slugs
  40 orcs
  6 endoplasms
  3 giant cockroaches
  7 goblins
  6 hobgoblins
  4 jackals
  7 quokkas
  8 ball pythons
  3 bats
  2 frilled lizards
  32 kobolds
  4 rats
485 creatures vanquished.

Vanquished Creatures (others)
  A dart slug (D:3)
  A goblin (D:3)
  A kobold (D:3)
  A ball python (D:3)
4 creatures vanquished.

Grand Total: 489 creatures vanquished

Notes
Turn   | Place    | Note
-------+----------+-------------------------------------------
     0 | D:1      | Elmgren the Minotaur Berserker began the quest for the Orb.
     0 | D:1      | Reached XP level 1. HP: 19/19 MP: 0/0
   201 | D:1      | Reached XP level 2. HP: 27/27 MP: 1/1
   848 | D:2      | Reached XP level 3. HP: 34/34 MP: 2/2
   892 | D:2      | Reached ** piety under Trog
  1060 | D:2      | HP: 16/34 [poisoned by a goblin]
  1219 | D:2      | Found Roaraotu's Armour Boutique.
  1397 | D:2      | Found a faded altar of an unknown god.
  1518 | D:3      | Reached skill level 5 in Fighting
  1518 | D:3      | Reached skill level 5 in Axes
  1518 | D:3      | Reached XP level 4. HP: 38/42 MP: 3/3
  1613 | D:3      | Found a shimmering altar of Xom.
  1644 | D:3      | Reached XP level 5. HP: 35/48 MP: 4/4
  1761 | D:3      | HP: 23/50 [gnoll/+0 flail (10)]
  2314 | D:3      | Found a shimmering blue altar of Sif Muna.
  2385 | D:3      | Found Isoqe's Book Shop.
  2952 | D:4      | Reached *** piety under Trog
  3045 | D:4      | Reached XP level 6. HP: 55/57 MP: 5/5
  3097 | D:4      | Found a hide-covered altar of Uskayaw.
  3345 | D:4      | Noticed an ice beast
  3349 | D:4      | Killed an ice beast
  3354 | D:4      | Reached XP level 7. HP: 65/66 MP: 6/6
  3500 | D:5      | Entered Level 5 of the Dungeon
  3608 | D:5      | Found a staircase to the Ecumenical Temple.
  3856 | D:5      | Found a sacrificial altar of Ru.
  4880 | D:6      | Found a shadowy altar of Dithmenos.
  4892 | D:6      | Found a radiant altar of Vehumet.
  4930 | D:6      | Found an ancient bone altar of Kikubaaqudgha.
  4991 | D:7      | Found a broken altar of Ashenzari.
  5101 | D:7      | Reached XP level 8. HP: 67/77 MP: 7/7
  5160 | D:7      | Noticed a hornet
  5170 | D:7      | Killed a hornet
  5347 | D:7      | HP: 24/79 [orc priest/divine providence (16)]
  5356 | D:7      | Reached skill level 10 in Fighting
  5356 | D:7      | Reached skill level 10 in Axes
  5358 | D:7      | HP: 33/118 [black bear (7)]
  5364 | D:7      | HP: 26/118 [black bear (6)]
  6284 | D:7      | Found a hazy altar of Hepliaklqana.
  6568 | D:8      | Reached XP level 9. HP: 86/86 MP: 8/8
  6661 | D:8      | Found a staircase to the Lair.
  6677 | D:8      | Reached **** piety under Trog
  6678 | D:8      | Noticed Pikel
  6682 | D:8      | Killed Pikel
  6683 | D:8      | Reached XP level 10. HP: 80/100 MP: 9/9
  7261 | D:8      | Found a glowing golden altar of the Shining One.
  7570 | D:8      | Found an ornate altar of the Wu Jian Council.
  7872 | D:9      | Found a staircase to the Orcish Mines.
  8304 | D:9      | Noticed a two-headed ogre
  8311 | D:9      | Killed a two-headed ogre
  8312 | D:9      | Reached XP level 11. HP: 100/111 MP: 10/10
  8618 | D:10     | Entered Level 10 of the Dungeon
  8641 | D:10     | Noticed Lodul
  9312 | D:9      | Killed Lodul
  9313 | D:9      | Reached skill level 15 in Fighting
  9313 | D:9      | Reached skill level 15 in Axes
  9697 | D:10     | Found Jeahoupo's Assorted Antiques.
  9711 | D:10     | Noticed a two-headed ogre
  9718 | D:10     | Killed a two-headed ogre
 10003 | D:10     | Noticed a two-headed ogre
 10012 | D:10     | Killed a two-headed ogre
 10216 | D:10     | Found a runed translucent gate.
 10216 | D:10     | Found a runed translucent gate.
 10216 | D:10     | Found a runed translucent gate.
 10217 | D:10     | Noticed ANNNA's ghost (novice DrIE)
 10217 | D:10     | Noticed SharpKris's ghost (novice FoFi)
 10218 | D:10     | Noticed MrAu's ghost (journeyman HuFi)
 10218 | D:10     | Noticed ripuliukko's ghost (novice DEEE)
 10293 | D:10     | Found Ekhu's Superior Scales.
 10397 | D:11     | Noticed a boulder beetle
 10401 | D:11     | Noticed a deep elf pyromancer
 10412 | D:11     | Killed a boulder beetle
 10419 | D:11     | Killed a deep elf pyromancer
 10604 | Lair:1   | Entered Level 1 of the Lair of Beasts
 11058 | Lair:1   | Noticed a catoblepas
 11081 | Lair:1   | Killed a catoblepas
 11272 | Lair:1   | Reached XP level 12. HP: 124/124 MP: 11/11
 13112 | Lair:2   | Found a hole to the Spider Nest.
 13926 | Lair:2   | Noticed a seven-headed hydra
 13933 | Lair:2   | Killed a ten-headed hydra
 14356 | Lair:2   | Found a staircase to the Swamp.
 15214 | Lair:3   | Reached XP level 13. HP: 136/136 MP: 12/12
 17665 | Lair:4   | Found a runed translucent door.
 17665 | Lair:4   | Found a shimmering altar of Xom.
 17665 | Lair:4   | Noticed vfn1303's ghost (journeyman DrBe)
 17687 | Lair:4   | Killed vfn1303's ghost
 18538 | Lair:5   | Entered Level 5 of the Lair of Beasts
 18874 | Lair:5   | Reached skill level 5 in Armour
 18878 | Lair:5   | Found a staircase to the Slime Pits.
 19523 | Lair:5   | Reached XP level 14. HP: 147/147 MP: 13/13
 19699 | Lair:5   | Found a large runed translucent door.
 19699 | Lair:5   | Found a large runed translucent door.
 21291 | D:11     | Noticed Graphine's ghost (journeyman MfGl)
 21314 | D:11     | Found a transporter.
 21319 | D:11     | Identified the +10 great mace of the Sky {venom, Int+2}
 21319 | D:11     | Identified the +2 great mace of Mayhem {speed, rF+ Str+5}
 21321 | D:11     | Found a transporter.
 21364 | D:11     | Found Qitoemy's Antique Weapon Boutique.
 21943 | D:12     | Found a portal to a secret trove of treasure.
 22211 | D:12     | Slain by a skeletal warrior

Illustrated notes

Levels and vault maps discovered:
D:1:      ldierk_walled_garden, layout_basic
D:2:      layout_basic, basic_ecumenical_altar, serial_shops, shop,
          hangedman_decor_riveting
D:3:      layout_basic, nicolae_sif_muna_condensation, xom_confusion_cloud,
          serial_shops, shop
D:4:      layout_loops_ring, mainiacjoe_overflow_chevrons
D:5:      layout_loops_corners, lemuel_doored_altar, minmay_temple_entry_arrows
D:6:      layout_basic, mainiacjoe_overflow_tiny_flanked,
          mainiacjoe_overflow_swirl
D:7:      layout_loops_ring, mainiacjoe_overflow_alcove_1,
          ashenzari_conservatory_becter, serial_bayou_lagoon_b
D:8:      layout_loops_ring, nicolae_overflow_crystal_walls, pf_just_have_faith,
          david_lair_generic, nzn_life_drinkers, uniq_pikel
D:9:      layout_cave_pools, minmay_orc_entry_guard_dogs
D:10:     layout_irregular_city, serial_ice, serial_ice_h, serial_ice_c,
          serial_ice_d, serial_ice_l, serial_shops, shop,
          gammafunk_ghost_cemetery, hellmonk_scale_shop, uniq_lodul, uniq_grum
D:11:     minmay_diamond_stairs, layout_gridville, gammafunk_ghost_smash,
          serial_shops, nicolae_shop_pleasant_corner_grove, skrybe_limestone_x,
          kennysheep_small_circle
D:12:     minmay_chambers_of_sixes, layout_stronghold,
          nicolae_trove_entry_isolated
Lair:1:   minmay_lair_oklob_chamber, layout_regular_city, lemuel_fruit_fields,
          grunt_megastairs_5
Lair:2:   layout_loops_ring, nicolae_swamp_entry_splash_gauntlet,
          spider_nest_entry_webs
Lair:3:   layout_cellular_growth, special_room [special_room_bee],
          lemuel_fruit_fields, serial_bayou_shore_b
Lair:4:   layout_layer_cave, ebering_ghost_xom, lemuel_fruit_tree
Lair:5:   cheibrodos_lair_end_hotspot, layout_loops_ring, slime_entry_1

Skill      XL: |  1  2  3  4  5  6  7  8  9 10 11 12 13 14 |
---------------+-------------------------------------------+-----
Fighting       | 4 5 6 7 8 10 12 14 16 18 19 20 | 20.4
Axes           | 4 5 6 7 8 10 12 14 16 18 19 20 | 20.4
Armour         | 7 9 |  9.8
Dodging        | |  2.1

Action                     |  1- 3 |  4- 6 |  7- 9 | 10-12 | 13-15 || total
---------------------------+-------+-------+-------+-------+-------++-------
  Melee: Hand axe          |    72 |    97 |   189 |   570 |    68 ||   996
         Headbutt          |     9 |    11 |    31 |   129 |    83 ||   263
         Punch             |       |     1 |     1 |     7 |       ||     9
         War axe           |       |       |       |       |   104 ||   104
         Battleaxe         |       |       |       |       |   222 ||   222
 Invoke: Berserk           |       |     3 |     3 |    18 |    13 ||    37
         Trog's Hand       |       |       |       |    12 |    17 ||    29
    Use: Scroll            |     5 |     5 |     5 |    10 |       ||    25
         Potion            |     1 |       |       |       |       ||     1
   Stab: Paralysed         |       |       |       |       |     2 ||     2
         Petrified         |       |       |       |       |     2 ||     2
 Armour: Animal skin       |     7 |       |       |       |       ||     7
         Ring mail         |    12 |    37 |    66 |    39 |       ||   154
         Plate armour      |       |       |       |   270 |   274 ||   544
  Dodge: Dodged            |    44 |    57 |    95 |   166 |   133 ||   495
  Block: Tower shield      |       |       |       |    82 |   118 ||   200
